cohdb
Replays
Latest Replays
All Replays
Popular Replays
Top Player Replays
Match Explorer
How It Works
Community
CoH3 Stats
Reddit
Sign in to upload your games and track your stats! →
Sign in with Steam
Match 45679548
Unlisted
Match 45679548
Overview
Messages
Build Orders
End
Pioneer Squad
Construct Infanterie Kompanie
Grenadier Squad
MG 42 Machine Gun Team
Grenadier Squad
Construct Luftwaffe Kompanie
221 Scout Car
Jäger Squad
Support Elements
Wirbelwind Flakpanzer
Construct Panzergrenadier Kompanie
Nebelwerfer 42 Rocket Launcher Team
Medical Station
Nebelwerfer 42 Rocket Launcher Team
Selects Breakthrough Battlegroup
Selects Assault Grenadiers
Selects Rapid Production
Selects Blitzkrieg
Construct Panzer Kompanie
Panzer IV Medium Tank
Pak 40 Anti-tank Gun Team
Side Skirts
Blitzkrieg
Pak 40 Anti-tank Gun Team
Stoßtruppen Squad
Selects Tiger Heavy Tank
Tiger Heavy Tank
Panzer IV Medium Tank
Panzer Officer Quarters
Panzer IV Medium Tank
Selects Breakthrough
Selects Incendiary Bombing Run
Pak 40 Anti-tank Gun Team
Breakthrough
Tiger Heavy Tank
StuG III G Assault Gun
StuG III G Assault Gun
Breakthrough
Grenadier Squad
Grenadier Squad
MG 42 Bunker
MG 42 Bunker
Incendiary Bombing Run
StuG III G Assault Gun
Swan
Basecoh3 @ Youtube
Seocheon
CalmDownJustAGame
0
0
Comments
sign in to comment!
No comments posted yet!